 Dungeon Sprint DCSS version 0.22-a0-422-g9628fc87f1 (webtiles) character file.

6562 Hephaistos the Impaler (level 10, -16/90 HPs)
             Began as a Centaur Berserker on May 18, 2018.
             Was a High Priest of Trog.
             Demolished by a tyrant leech (20 damage)
             ... in the Dungeon (Sprint IX: "|||||||||||||||||||||||||||||").
             The game lasted 00:01:51 (987 turns).

Hephaistos the Impaler (Centaur Berserker)           Turns: 987, Time: 00:01:52

Health: -16/90     AC:  9    Str: 23    XL:     10   Next: 70%
Magic:  10/10      EV: 12    Int:  6    God:    Trog [*****.]
Gold:   25         SH:  0    Dex: 12    Spells: 9/9 levels left

rFire    . . .     SeeInvis .   j - +5 glaive (flame)
rCold    . . .     Gourm    .   (shield currently unavailable)
rNeg     . . .     Faith    .   p - +2 ring mail
rPois    .         Spirit   .   (no helmet)
rElec    .         Reflect  .   (no cloak)
rCorr    .         Harm     .   o - +0 pair of gloves
MR       .....     NoTele   +   (no barding)
Stlth    ..........             (no amulet)
HPRegen  0.25/turn              r - +3 ring of strength
MPRegen  0.12/turn              q - +2 ring of evasion

@: berserk cooldown, slowed
A: large, hooves 3, deformed body, speed 2, tough skin 3
a: Berserk, Trog's Hand, Brothers in Arms, Renounce Religion


You were in the Dungeon.
You worshipped Trog.
Trog was extremely pleased with you.
You were very hungry.

You visited 1 branch You collected 25 gold pieces.

Inventory:

Hand Weapons
 a - a +0 spear
 b - a +4 triple crossbow of flaming
 j - a +5 glaive of flaming (weapon)
 n - a +2 halberd of protection
 x - the +6 triple crossbow of Foolhardiness {penet, +Fly rF+ Dex-3}
   (Trog gifted it to you in the Dungeon)

   Ammo fired by it will pass through the targets it hits, potentially hitting
   all targets in its path until it reaches maximum range.
   It affects your dexterity (-3).
   It protects you from fire.
   It lets you fly.
Missiles
 y - 21 bolts
Armour
 o - a +0 pair of gloves (worn)
 p - a +2 ring mail (worn)
Jewellery
 q - a +2 ring of evasion (right hand)
 r - a +3 ring of strength (left hand)
Wands
 m - a wand of acid (10)
Scrolls
 i - 3 scrolls of blinking
 l - 3 scrolls of remove curse
 u - 3 scrolls of fog
 v - 2 scrolls of enchant armour
 w - 2 scrolls of enchant weapon
Potions
 d - 6 potions of curing
 e - 3 potions of heal wounds
 f - 2 potions of haste
 g - 4 potions of magic
 h - a potion of berserk rage
 k - a potion of invisibility
 s - a potion of resistance
 t - 2 potions of might
Comestibles
 c - a ration


   Skills:
 - Level 8.6 Fighting
 - Level 17.2 Polearms
 + Level 14.0 Crossbows
 - Level 4.0 Armour
 - Level 3.9 Dodging


You had 9 spell levels left.
You didn't know any spells.
Your spell library was empty.

Dungeon Overview and Level Annotations

Branches:
Dungeon (1/1)

Altars:
Cheibriados
Dithmenos
Elyvilon
Fedhas
Gozag
Hepliaklqana
Kikubaaqudgha
Makhleb
Nemelex Xobeh
Okawaru
Qazlal
Ru
Sif Muna
Trog
Uskayaw
Vehumet
Wu Jian
Xom
Yredelemnul
Zin
The Shining One
Beogh
Jiyva
Lugonu


Innate Abilities, Weirdness & Mutations

You have hooves in place of feet.
Armour fits poorly on your strangely shaped body.
You cover ground very quickly.
You have extremely tough skin. (AC +3)


Message History

Press: ? - help, Dir - move target cursor, f/p - lindwurm
Aim: a lindwurm (heavily wounded, catching its breath)
You slice the lindwurm!! You burn the lindwurm!
You kill the lindwurm!
Trog accepts your kill.
Your Crossbows skill increases to level 14!
Attack whom?
Press: ? - help, Dir - move target cursor, f - tyrant leech
Aim: a tyrant leech You closely miss the tyrant leech.
Your kick misses the tyrant leech.
Attack whom?
Press: ? - help, Dir - move target cursor, f/p - tyrant leech
Aim: a tyrant leech You slash the tyrant leech!
You burn the tyrant leech. Your kick misses the tyrant leech.
The tyrant leech is moderately wounded.
You are no longer berserk.
You are exhausted.
You feel yourself slow down. The tyrant leech bites you!!
You die...

▓÷▓.▓_▓
▓.▓.▓_▓
▓.▓.▓_▓
▓.▓.▓_▓
▓.▓.▓_▓
▓.▓.▓_▓
▓.▓.▓_▓
▓.▓.▓_▓
▓@▓.▓_▓
▓w▓.▓'▓
▓w▓.▓.▓
▓.▓.▓?▓
▓.▓.▓|▓
▓.▓.▓)▓
▓.▓.▓.▓
▓.▓.▓[▓
▓.▓.▓


You could see 2 tyrant leeches.

Vanquished Creatures
  A hydra (D)
  A centaur warrior (D)
  A death yak (D)
  4 lindwurms (D)
  A cyclops (D)
  An efreet (D)
  A tyrant leech (D)
  A polar bear (D)
  2 hippogriffs (D)
  2 yaks (D)
  A basilisk (D)
  A porcupine (D)
  A water moccasin (D)
  2 centaurs (D)
  A necrophage (D)
  2 crocodiles (D)
  2 wolves (D)
  A bullfrog (D)
  3 worker ants (D)
  An adder skeleton (D)
  A dart slug (D)
  2 orcs (D)
  A bat zombie (D)
  A giant cockroach (D)
  A goblin (D)
  A hobgoblin (D)
  2 bats (D)
  A frilled lizard (D)
  A giant cockroach zombie (D)
  A quokka zombie (D)
42 creatures vanquished.

Vanquished Creatures (collateral kills)
  A hippogriff (D)
  A porcupine (D)
  A bullfrog (D)
3 creatures vanquished.

Grand Total: 45 creatures vanquished

Notes
Turn   | Place    | Note
-------+----------+-------------------------------------------
     0 | D        | Hephaistos the Centaur Berserker began the quest for the Orb.
     0 | D        | Reached XP level 1. HP: 19/19 MP: 1/1
     4 | D        | Reached skill level 3 in Polearms
     7 | D        | Reached ** piety under Trog
     7 | D        | Reached skill level 4 in Polearms
    41 | D        | Noticed a worker ant
    41 | D        | Noticed a centaur
    44 | D        | Killed a worker ant
    44 | D        | Reached skill level 6 in Polearms
    44 | D        | Reached XP level 2. HP: 26/26 MP: 2/2
    44 | D        | Reached XP level 3. HP: 31/31 MP: 3/3
    45 | D        | Reached *** piety under Trog
    54 | D        | Killed a centaur
    54 | D        | Reached skill level 9 in Polearms
    54 | D        | Reached XP level 4. HP: 38/38 MP: 4/4
    85 | D        | Found a roughly hewn altar of Beogh.
    85 | D        | Found a snail-covered altar of Cheibriados.
    85 | D        | Found a shadowy altar of Dithmenos.
    85 | D        | Found a white marble altar of Elyvilon.
    85 | D        | Found a blossoming altar of Fedhas.
    85 | D        | Found an opulent altar of Gozag.
    86 | D        | Found a hazy altar of Hepliaklqana.
    87 | D        | Found a viscous altar of Jiyva.
    88 | D        | Found an ancient bone altar of Kikubaaqudgha.
    89 | D        | Found a corrupted altar of Lugonu.
    90 | D        | Found a burning altar of Makhleb.
    91 | D        | Found a sparkling altar of Nemelex Xobeh.
    92 | D        | Found an iron altar of Okawaru.
    93 | D        | Found a stormy altar of Qazlal.
    94 | D        | Found a sacrificial altar of Ru.
    95 | D        | Found a deep blue altar of Sif Muna.
    96 | D        | Found a bloodstained altar of Trog.
    97 | D        | Found a hide-covered altar of Uskayaw.
    98 | D        | Found a radiant altar of Vehumet.
    99 | D        | Found an ornate altar of the Wu Jian Council.
   100 | D        | Found a shimmering altar of Xom.
   101 | D        | Found a basalt altar of Yredelemnul.
   102 | D        | Found a glowing silver altar of Zin.
   103 | D        | Found a glowing golden altar of the Shining One.
   260 | D        | Noticed a centaur
   264 | D        | Killed a centaur
   264 | D        | Reached **** piety under Trog
   264 | D        | Reached skill level 10 in Polearms
   264 | D        | Reached XP level 5. HP: 17/46 MP: 5/5
   274 | D        | Reached ***** piety under Trog
   484 | D        | Noticed a cyclops
   484 | D        | Noticed a necrophage
   484 | D        | Noticed a centaur warrior
   484 | D        | Noticed an efreet
   488 | D        | Killed a cyclops
   488 | D        | Received a gift from Trog
   488 | D        | Reached skill level 5 in Fighting
   488 | D        | Reached skill level 12 in Polearms
   488 | D        | Reached XP level 6. HP: 57/57 MP: 6/6
   488 | D        | Reached XP level 7. HP: 62/62 MP: 7/7
   493 | D        | Reached skill level 13 in Polearms
   496 | D        | Killed a centaur warrior
   496 | D        | Reached skill level 14 in Polearms
   496 | D        | Reached XP level 8. HP: 73/73 MP: 8/8
   499 | D        | Killed an efreet
   499 | D        | Reached skill level 15 in Polearms
   645 | D        | Noticed a hippogriff
   645 | D        | Noticed a six-headed hydra
   645 | D        | Noticed a hippogriff
   650 | D        | Killed a hippogriff
   654 | D        | Killed a four-headed hydra
   654 | D        | Received a gift from Trog
   654 | D        | Reached skill level 16 in Polearms
   654 | D        | Reached XP level 9. HP: 81/81 MP: 9/9
   667 | D        | Reached skill level 17 in Polearms
   672 | D        | Received a gift from Trog
   675 | D        | Got a fine triple crossbow {god gift}
   677 | D        | Identified the +6 triple crossbow of Foolhardiness {penet, +Fly rF+ Dex-3} (Trog gifted it to you in the Dungeon)
   730 | D        | Noticed a polar bear
   734 | D        | Noticed a death yak
   741 | D        | Killed a polar bear
   741 | D        | Reached skill level 5 in Crossbows
   743 | D        | Received a gift from Trog
   749 | D        | Killed a death yak
   749 | D        | Reached XP level 10. HP: 48/90 MP: 10/10
   753 | D        | Received a gift from Trog
   963 | D        | Noticed a lindwurm
   963 | D        | Noticed a lindwurm
   963 | D        | Noticed a lindwurm
   963 | D        | Noticed a lindwurm
   966 | D        | Killed a lindwurm
   972 | D        | Killed a lindwurm
   974 | D        | Killed a lindwurm
   981 | D        | Received a gift from Trog
   983 | D        | HP: 4/135 [lindwurm/blast of flame (30)]
   985 | D        | Killed a lindwurm
   987 | D        | Demolished by a tyrant leech

Vault maps used:
D:        linesprint

Skill      XL: |  1  2  3  4  5  6  7  8  9 10 |
---------------+-------------------------------+-----
Polearms       | 6 9 10 12 14 16 17 | 17.2
Fighting       | 4 5 7 8 |  8.6
Armour         | 2 3 4 |  4.0
Dodging        | 2 3 |  3.9
Crossbows      | 9 14 | 14.0

Action                   |  1- 3 |  4- 6 |  7- 9 | 10-12 || total
-------------------------+-------+-------+-------+-------++-------
Melee: Spear             |    24 |       |       |       ||    24
       Kick              |     5 |     3 |    13 |     6 ||    27
       Halberd           |       |    20 |     9 |       ||    29
       Glaive            |       |       |    41 |    23 ||    64
Invok: Berserk           |     1 |     2 |     2 |     1 ||     6
       Brothers in Arms  |       |       |       |     1 ||     1
  Eat: Chunk             |       |     1 |     2 |     2 ||     5
Armor: Animal skin       |     5 |       |       |       ||     5
       Ring mail         |       |     6 |     9 |     1 ||    16
Dodge: Dodged            |    11 |     5 |    12 |     4 ||    32

Table legend:
 A = Spawn XP
 B = Non-spawn XP
 C = Spawn XP percentage of total XP
 D = Spawn monster count
 E = Non-spawn monster count
 F = Spawn count percentage of total count
 G = Total turns spent on level
                    A         B        C        D         E        F      G
               +---------+---------+-------+---------+---------+-------+---------
         Total |       0 |    9375 |   0.0 |       0 |      45 |   0.0 |   987
               +---------+---------+-------+---------+---------+-------+---------
             D |       0 |    9375 |   0.0 |       0 |      45 |   0.0 |   987
               +---------+---------+-------+---------+---------+-------+---------
